TKirby, neutral male human Wizard ------------ -------------- ---------- |..........| |............| |...^....| |..........| #-.............# |........-# #...........| #|............|# ----|-----# ###|..........| #|............|# # # # ----------|- #--------------# ### # # #### #### # # # # # # # ### # # ### # ### -|------ # # # ---------# #----- #-......| # -----# ## |.....)..# #|...| ###|......| ### |*..|# ---|-------- |.......| #|.>.|##########...<...| # |....# |..@(......| |......|| #|...-######## -------- ##..^.| |(((..((.((| |........# #....|# ----- |((.(](((f(| ---------### |...|# |..(.((.(m@| # -----# ------------ ############### TKirby the Conjurer Experience level: 4 Strength: 10 Dexterity: 16 Constitution: 12 Intelligence: 17 Wisdom: 9 Charisma: 11 Health: 0(27) Energy: 5(43) Def: 1 Gold: 0 Moves: 1695 Dungeon seed: t0t7lWGJY3wfMebU Game ID: TKirby_1506002105 Your Inventory: Amulets v - an uncursed amulet versus poison Weapons a - a blessed +1 quarterstaff (weapon in hands) B - 10 +0 darts Armor e - an uncursed +0 cloak of magic resistance (being worn) Comestibles z - an uncursed cram ration A - 2 uncursed food rations Scrolls i - an uncursed scroll of magic mapping j - an uncursed scroll of light Spellbooks k - a blessed spellbook of force bolt l - an uncursed spellbook of identify w - an uncursed spellbook of knock C - an uncursed spellbook of create monster Potions f - an uncursed potion of monster detection g - an uncursed potion of speed h - 2 uncursed potions of paralysis u - a blessed potion of blindness x - an uncursed potion of booze Rings c - an uncursed ring of cold resistance Wands b - a wand of undead turning (0:5) o - a wand of slow monster (0:7) r - a wand of light (0:11) Tools m - an uncursed blindfold n - an uncursed tallow candle (0:200) D - an uncursed magic lamp Gems q - an uncursed luckstone y - an uncursed worthless piece of yellow glass Spells and supernatural/magical abilities: Name Level Category Fail Memory a - force bolt 1 attack 0% 92% k - knock 1 matter 0% 97% I - identify 3 divination 93% 92% O - create monster 2 clerical 61% 100% W - pray for help -- divine ? -- Your skills at the end: Fighting Skills Weapon Skills quarterstaff [Basic] Spellcasting Skills attack spells [Basic] enchantment spells [Basic] Final Attributes: You were aligned. You were magic-protected. You were held by a giant mimic. You were lucky. You had extra luck. Bad luck did not time out for you. Good luck did not time out for you. You are dead. Vanquished creatures: a large mimic a shrieker 2 coyotes a yellow mold a green mold 4 geckos 6 jackals a fox a goblin 6 grid bugs 3 lichens 3 newts 30 creatures vanquished. Voluntary challenges: You followed a strict vegan diet. You used a wielded weapon 30 times, starting on turn 27. You read items or engraved 5 times, starting on turn 1061. You never genocided any monsters. You never polymorphed an object. You never changed form. You used no wishes. You never split a pudding. You never wrote Elbereth's name. You never violated your personal moral code. Dungeon overview: The Dungeons of Doom: levels 1 to 4 Level 1 a fountain a long staircase Level 2 an armor shop, a fountain Level 3 some fountains, a sink a long staircase Level 4 <- You were here a hardware shop History has recorded: On T:1 you entered the Dungeons of Doom to retrieve the Amulet of Yendor! On T:516 you reached level 2 of The Dungeons of Doom. On T:520 you advanced to experience level 2. On T:951 you reached level 3 of The Dungeons of Doom. On T:1233 you advanced to experience level 3. On T:1380 you reached level 4 of The Dungeons of Doom. On T:1666 you advanced to experience level 4. Score breakdown: Gold: 0 ( 0 points) Experience: 4 levels ( 9649 points) Exploration: 4 levels ( 8.33%) ( 7579 points) Discoveries: 7 items ( 2.43%) ( 4677 points) Valuables value: (no points given unless you survive) Artifact value: 0 ( 0 points) Variety of kills: 12 monsters ( 3.15%) ( 5324 points) Turncount: 1695 turns ( 0 points) Survival: died (score multiplied by 80%) Total score: 21783 Latest messages: You begin praying to Thoth. You are surrounded by a shimmering light. You feel that Thoth is satisfied. You feel much better. The spell hits the giant mimic! The giant mimic hits! (2x) The ring of polymorph misses the giant mimic. Yawolloh seems uninterested. The spell misses the giant mimic. The spell hits the giant mimic! Maple picks up a tin opener. The giant mimic hits! You die... Yawolloh comes and takes all your possessions. Final status: Goodbye TKirby the Wizard, killed by a giant mimic... You died in The Dungeons of Doom on dungeon level 4 with 21783 points, and 0 pieces of gold, after 1695 moves. You were level 4 with a maximum of 27 hit points when you died.